 Dungeon Crawl Stone Soup version 0.22-a0-305-gd21a89c (webtiles) character file.

100 grindst0ne the Shield-Bearer (level 4, -6/35 HPs)
             Began as a Mummy Fighter on Mar 30, 2018.
             Killed from afar by an orc wizard (10 damage)
             ... with a puff of flame
             ... on level 3 of the Dungeon.
             The game lasted 00:03:49 (1509 turns).

grindst0ne the Shield-Bearer (Mummy Fighter)        Turns: 1509, Time: 00:03:49

Health: -6/35      AC: 12    Str: 20    XL:     4   Next: 46%
Magic:  4/4        EV:  3    Int:  7    God:
Gold:   112        SH: 13    Dex: 11    Spells: 3/3 levels left

rFire    x . .     SeeInvis .   k - +2 dagger (speed)
rCold    + . .     Gourm    .   c - +1 shield
rNeg     + + +     Faith    .   j - +0 plate armour
rPois    ∞         Spirit   .   (no helmet)
rElec    .         Reflect  +   (no cloak)
rCorr    .         Harm     .   e - +0 pair of gloves
MR       .....                  (no boots)
Stlth    ..........             f - +3 amulet of reflection
HPRegen  0.11/turn              m - ring of flight
MPRegen  0.09/turn              (no ring)

@: no status effects
A: no food or potions, fire vulnerability, cold resistance 1, negative energy
resistance 3, torment resistance, unbreathing
a: Evoke Flight


You were on level 3 of the Dungeon.
You were not hungry.

You visited 1 branch of the dungeon, and saw 3 of its levels.

You collected 112 gold pieces.

Inventory:

Hand Weapons
 a - a +0 flail
 k - a +2 dagger of speed (weapon)
Missiles
 n - 5 steel tomahawks (quivered)
Armour
 b - a +0 scale mail
 c - a +1 shield (worn)
 e - a +0 pair of gloves (worn)
 j - a +0 plate armour (worn)
Jewellery
 f - a +3 amulet of reflection (around neck)
 m - a ring of flight (left hand)
Scrolls
 g - 5 scrolls of remove curse
 h - a scroll of amnesia
 i - a scroll of fear
 l - 2 scrolls of blinking
 o - a scroll of teleportation {unknown}


   Skills:
 - Level 3.0 Fighting
 + Level 3.0 Maces & Flails
 - Level 2.4 Armour
 + Level 3.5 Shields


You had 3 spell levels left.
You didn't know any spells.

Dungeon Overview and Level Annotations

Branches:
Dungeon (3/15)

Altars:

Annotations:
D:3 Natasha


Innate Abilities, Weirdness & Mutations

You do not eat or drink.
Your flesh is vulnerable to fire.
You are immune to poison.
Your flesh is cold resistant. (rC+)
You are immune to negative energy. (rN+++)
You are immune to unholy pain and torment.
You can survive without breathing.


Message History

The puff of flame hits you! The fire burns you terribly!
You closely miss something.
The shadow imp disappears in a puff of smoke!
Natasha wildly gestures.
You feel troubled. Something hits you but does no damage.
You closely miss something. Something hits you but does no damage.
You barely miss something.
Natasha mumbles some strange words.
You hear a shout!
You hit something but do no damage.
You hear some strange, mumbled words.
A puff of flame appears from out of thin air!
The puff of flame hits you! The fire burns you terribly!
* * * LOW HITPOINT WARNING * * *
You closely miss something.
You hear some strange, mumbled words.
A puff of flame appears from out of thin air!
The puff of flame hits you! The fire burns you terribly!
You die...

...o########.###
#..# ##
#............##.
#.###.
#..o...........##
#....#
##.ho...........#
#.####
##o.#..##### #.#
#.#### ##....#
#.# #..... #
....# #.# #†####
.#...## #.# #.#
#.#.#....# #@#
#.# #....>..# #{#
#.# #####..##
#h###########.#
#..#
#o5...........#
#.h#
##5#..........#
#...##
#.############
#..#..######.#
##...5h.5o...#
#####..######


You could see Natasha, a white imp, a shadow imp and an orc.

Vanquished Creatures
  Natasha (D:3)
  An ooze (D:2)
  2 worms (D:2)
  2 dart slugs (D:1)
  A leopard gecko (D:1)
  3 orcs (D:3)
  4 bats
  3 giant cockroaches
  7 goblins
  3 hobgoblins
  4 jackals
  10 kobolds
  A quokka (D:2)
  2 ball pythons (D:2)
  5 frilled lizards
  7 rats (D:1)
56 creatures vanquished.

Vanquished Creatures (others)
  A goblin (D:2)
1 creature vanquished.

Grand Total: 57 creatures vanquished

Notes
Turn   | Place    | Note
-------+----------+-------------------------------------------
     0 | D:1      | grindst0ne the Mummy Fighter began the quest for the Orb.
     0 | D:1      | Reached XP level 1. HP: 18/18 MP: 1/1
   114 | D:1      | Reached XP level 2. HP: 21/24 MP: 2/2
   212 | D:1      | You fall through a shaft!
   358 | D:1      | Reached XP level 3. HP: 12/29 MP: 3/3
   853 | D:1      | You fall through a shaft!
  1354 | D:3      | Noticed Natasha
  1366 | D:3      | Killed Natasha
  1366 | D:3      | Reached XP level 4. HP: 24/35 MP: 4/4
  1420 | D:3      | Noticed Natasha
  1509 | D:3      | Killed from afar by an orc wizard

Vault maps used:
D:1:      lemuel_arrival_broad_hall
D:3:      uniq_grinder, uniq_robin, uniq_sigmund, uniq_natasha

Skill      XL: |  1  2  3  4 |
---------------+-------------+-----
Maces & Flails | 2 3 |  3.0
Shields        | 3 |  3.5
Fighting       | |  3.0
Armour         | |  2.4

Action                   |  1- 3 |  4- 6 || total
-------------------------+-------+-------++-------
Melee: Flail             |    90 |       ||    90
       Dagger            |   104 |    60 ||   164
  Use: Scroll            |     5 |       ||     5
Armor: Scale mail        |    56 |       ||    56
       Plate armour      |    40 |    19 ||    59
Dodge: Dodged            |    43 |     1 ||    44
Block: Shield            |   119 |    14 ||   133
       Reflection        |     2 |       ||     2

Table legend:
 A = Spawn XP
 B = Non-spawn XP
 C = Spawn XP percentage of total XP
 D = Spawn monster count
 E = Non-spawn monster count
 F = Spawn count percentage of total count
 G = Total turns spent on level
                    A         B        C        D         E        F      G
               +---------+---------+-------+---------+---------+-------+---------
         Total |       0 |     143 |   0.0 |       0 |      57 |   0.0 |  1509
               +---------+---------+-------+---------+---------+-------+---------
           D:1 |       0 |      53 |   0.0 |       0 |      31 |   0.0 |   818
           D:2 |       0 |      35 |   0.0 |       0 |      15 |   0.0 |   451
           D:3 |       0 |      55 |   0.0 |       0 |      11 |   0.0 |   240
               +---------+---------+-------+---------+---------+-------+---------
